 Dungeon Crawl Stone Soup version 0.27-a0-965-gbf8bb431c4 (webtiles) character file.

Game seed: 178567826397503090

158 HilariousDeathArtist the Conjurer (level 5, 0/28 HPs)
             Began as a Tengu Fire Elementalist on Apr 12, 2021.
             Slain by a hobgoblin (2 damage)
             ... on level 4 of the Dungeon.
             The game lasted 00:04:54 (3149 turns).

HilariousDeathArtist the Conjurer (TeFE)            Turns: 3149, Time: 00:04:54

Health: 0/28       AC:  2    Str:  8    XL:     5   Next: 40%
Magic:  2/9        EV: 15    Int: 17    God:
Gold:   32         SH:  0    Dex: 14    Spells: 3/8 levels left

rFire    . . .     SeeInvis .   a - +1 whip (elec)
rCold    . . .     Faith    .   (no shield)
rNeg     . . .     Spirit   .   i - +0 robe
rPois    .         Reflect  .   (helmet restricted)
rElec    .         Harm     .   (no cloak)
rCorr    .         Rampage  .   (no gloves)
Will     .....                  (boots unavailable)
Stlth    ++........             (no amulet)
HPRegen  0.09/turn              (no ring)
MPRegen  0.11/turn              (no ring)

@: flying quickly and evasively, quick
A: beak, talons 3, nimble flight
a: no special abilities


You were on level 4 of the Dungeon.
You visited 1 branch of the dungeon, and saw 4 of its levels.

You collected 97 gold pieces.
You spent 65 gold pieces at shops.

Inventory:

Hand Weapons
 a - a +1 whip of electrocution (weapon)
   (You took it off an orc priest on level 2 of the Dungeon)
 g - a +0 short sword
   (You took it off a kobold on level 1 of the Dungeon)
Missiles
 e - 3 boomerangs
 k - 16 arrows
 s - 62 stones
Armour
 i - a +0 robe (worn)
Scrolls
 b - 4 scrolls of identify {unknown}
 f - a scroll of teleportation {unknown}
 h - 4 scrolls of noise {unknown}
 j - a scroll of immolation {unknown}
Potions
 c - a potion of curing {unknown}


   Skills:
 + Level 0.5 Fighting
 + Level 0.5 Maces & Flails
 + Level 2.3 Dodging
 - Level 2.0 Stealth
 + Level 2.1 Spellcasting
 + Level 6.2 Conjurations
 + Level 3.4 Fire Magic


You had 3 spell levels left.
You knew the following spells:

 Your Spells              Type           Power      Damage    Failure   Level
a - Foxfire               Conj/Fire      72%        2x1d7     2%          1
s - Sticky Flame          Conj/Fire      18%        2d4       26%         4

Your spell library contained the following spells:

 Spells                   Type           Power      Damage    Failure   Level
 Conjure Flame            Conj/Fire      18%        6-21      8%          3
 Animate Skeleton         Necr           2%         N/A       19%         1
 Pain                     Necr           4%         1d4       19%         1
 Inner Flame              Hex/Fire       7%         N/A       28%         3
 Vampiric Draining        Necr           0%         2d6       50%         3
 Fireball                 Conj/Fire      9%         3d6       58%         5
 Animate Dead             Necr           0%         N/A       88%         4
 Agony                    Necr           1%         N/A       99%         5


Dungeon Overview and Level Annotations

Branches:
Dungeon (4/15)
 Temple: D:4-7

Altars:

Shops:
D:3 !


Innate Abilities, Weirdness & Mutations

You have a beak for a mouth.
You have claws for feet.
Your magical nature lets you fly swiftly and evasively.


Message History

h - 4 scrolls labelled JOXKUNTE CEKH (gained 1)
Found Heownesk's Distillery.
MP restored: 9
There is an entrance to Heownesk's Distillery here.
N - a potion of heal wounds {@q2} Thank you for shopping at Heownesk's Distillery!
There is a fountain of clear blue water here.
A bat comes into view.
You see here a scroll labelled AGIZEULAUW.
A bat is nearby!
A bat is nearby!
You conjure some foxfire!
The bat barely misses you.
You now have 8/9 mp.
You hit the bat.
You kill the bat!
No target in view!
No target in view!
No target in view!
j - a scroll labelled AGIZEULAUW MP restored: 9
Found a stone staircase leading down.
k - 16 arrows You now have 32 gold pieces (gained 8). 2 orcs come into view.
An orc is wielding a +1 short sword of speed.
The orc shouts!
You hear a shout!
An iguana comes into view.
The orc moves out of view.
There are monsters nearby!
There are monsters nearby!
An orc comes into view. It is wielding a +0 falchion.
You conjure some foxfire!
You now have 8/9 mp.
You conjure some foxfire!
The foxfire hits the iguana but does no damage. x2
You now have 7/9 mp.
You conjure some foxfire!
The foxfire hits the iguana. x2
You now have 6/9 mp.
You conjure some foxfire!
The foxfire hits the iguana but does no damage.
The foxfire hits the iguana.
The iguana misses you.
You now have 5/9 mp.
The foxfire hits the iguana.
The foxfire hits the iguana but does no damage.
You conjure some foxfire!
The iguana bites you!
You take 9 damage, and have 19/28 hp.
MASSIVE DAMAGE!!
You now have 4/9 mp.
The foxfire hits the orc.
You conjure some foxfire!
The iguana misses you.
You now have 3/9 mp.
You conjure some foxfire!
The foxfire hits the orc.
You kill the orc!
The foxfire hits the iguana but does no damage.
An orc priest comes into view. It is wielding a +0 hand axe.
The iguana misses you.
The foxfire hits the iguana but does no damage.
The foxfire hits the orc but does no damage.
You conjure some foxfire!
The orc priest shouts!
The iguana misses you. The orc misses you.
You now have 2/9 mp.
You conjure some foxfire!
The foxfire hits the iguana but does no damage. x2
The orc hits you with a +1 short sword of speed!
The iguana bites you!
* * * LOW HITPOINT WARNING * * *
You take 18 damage, and have 2/28 hp.
MASSIVE DAMAGE!!
You now have 1/9 mp.
The foxfire hits the orc.
You feel much better. The orc barely misses you. The iguana closely misses you.
Health restored: 28 You conjure some foxfire!
The orc barely misses you. The orc closely misses you. The iguana bites you!
You take 12 damage, and have 16/28 hp.
MASSIVE DAMAGE!!
You now have 0/9 mp.
The foxfire hits the orc.
It was a potion of flight.
You feel more buoyant.
The orc priest calls upon Beogh to heal the orc.
The orc's wounds heal themselves!
The iguana bites you!
* * * LOW HITPOINT WARNING * * *
You take 10 damage, and have 6/28 hp.
MASSIVE DAMAGE!!
The orc hits you with a +1 short sword of speed.
* * * LOW HITPOINT WARNING * * *
You take 4 damage, and have 2/28 hp.
There is a stone staircase leading down here.
The orc closely misses you.
You fly downwards.
An iguana, an adder and 2 hobgoblins come into view.
Found a stone staircase leading down.
There is a stone staircase leading up here.
Unknown command.
The hobgoblin shouts!
You hear an angry hiss.
The iguana hisses menacingly.
The hobgoblin hits you.
You die...

#########
#########.......#
(......@o.......#
........g..l..>.#####
##...................
#...........<...###
#...............#
.................#
..................g
$...#####.......####
#.......S


You could see an iguana, an orc and a hobgoblin.

Vanquished Creatures
  2 orc priests (D:2)
  2 adders
  2 worms (D:2)
  A dart slug (D:1)
  7 orcs
  4 endoplasms
  3 giant cockroaches (D:1)
  7 goblins
  3 hobgoblins
  7 jackals
  2 quokkas (D:1)
  4 ball pythons
  7 bats
  7 frilled lizards
  5 kobolds
  4 rats
67 creatures vanquished.

Vanquished Creatures (others)
  176 foxfires
176 creatures vanquished.

Grand Total: 243 creatures vanquished

Notes
Turn   | Place    | Note
-------+----------+-------------------------------------------
     0 | D:1      | HilariousDeathArtist the Tengu Fire Elementalist began the
                  | quest for the Orb.
     0 | D:1      | Reached XP level 1. HP: 10/10 MP: 4/4
    39 | D:1      | HP: 2/10 [jackal (2)]
    42 | D:1      | Reached skill level 2 in Conjurations
   392 | D:1      | Reached XP level 2. HP: 15/15 MP: 3/6
   398 | D:1      | HP: 3/15 [dart slug/slug dart (6)]
   416 | D:1      | Reached skill level 3 in Conjurations
   709 | D:1      | Reached XP level 3. HP: 19/19 MP: 0/7
   825 | D:1      | Reached skill level 4 in Conjurations
  1858 | D:2      | Reached skill level 5 in Conjurations
  1858 | D:2      | Reached XP level 4. HP: 24/24 MP: 0/8
  1863 | D:2      | Learned a level 4 spell: Sticky Flame
  1961 | D:2      | HP: 4/24 [orc priest/divine providence (9)]
  1962 | D:2      | Reached skill level 6 in Conjurations
  2279 | D:2      | Gained mutation: Your magical nature lets you fly swiftly
                  | and evasively. [Tengu growth]
  2279 | D:2      | Reached XP level 5. HP: 28/28 MP: 5/9
  3064 | D:3      | Found Heownesk's Distillery.
  3068 | D:3      | Bought a potion of heal wounds for 65 gold pieces
  3134 | D:3      | HP: 2/28 [iguana (11)]
  3139 | D:3      | HP: 6/28 [iguana (11)]
  3140 | D:3      | HP: 2/28 [orc/+1 short sword of speed (4)]
  3149 | D:4      | Slain by a hobgoblin

Illustrated notes

Levels and vault maps discovered:
D:1:      psy_arrival_dodecagon, layout_rooms, st_stairs_1, item_on_display_a
D:2:      layout_basic
D:3:      layout_rooms, serial_shops, shop_fountains,
          shapermc_ecumenical_altar_flowoftime
D:4:      layout_basic, nemelex_dance_club_becter, temple_fountains,
          serial_shops, shop_statue, kennysheep_nondescript

Skill      XL: |  1  2  3  4 |
---------------+-------------+-----
Conjurations   | 2 3 5 6 |  6.2
Fighting       | |  0.5
Maces & Flails | |  0.5
Dodging        | |  2.3
Stealth        | |  2.0
Spellcasting   | |  2.1
Fire Magic     | |  3.4

Action                   |  1- 3 |  4- 6 || total
-------------------------+-------+-------++-------
Melee: Short sword       |    29 |       ||    29
       Kick              |     3 |     3 ||     6
       Peck              |     3 |     1 ||     4
       Whip              |       |    19 ||    19
 Cast: Foxfire           |    78 |    50 ||   128
  Use: Potion            |     2 |     2 ||     4
 Stab: Sleeping          |       |     1 ||     1
Armor: Robe              |    13 |       ||    13
Dodge: Dodged            |    43 |    21 ||    64

Table legend: (Time is in decaauts)
 A = Elapsed time spent in this place.
 B = Non-inter-level travel time spent in this place.
 C = Inter-level travel time spent in this place.
 D = Time resting spent in this place.
 E = Time spent auto-exploring this place.
 F = Levels seen in this place.
 G = Mean time per level.
                   A        B        C        D        E       F      G
               +--------+--------+--------+--------+--------+-----+--------+
         Total |   3110 |   3041 |     69 |   1452 |   1072 |   4 |  777.5 |
       Dungeon |   3110 |   3041 |     69 |   1452 |   1072 |   4 |  777.5 |
               +--------+--------+--------+--------+--------+-----+--------+

Top non-repeatable levels by time:
     D:1: 1586 daAuts
     D:2: 1211 daAuts
     D:3: 308 daAuts
     D:4: 5 daAuts

Table legend:
 A = Kills in this place as a percentage of kills in entire the game.
 B = Kills by you in this place as a percentage of kills by you in the entire game.
 C = Kills by friends in this place as a percentage of kills by friends in the entire game.
 D = Other kills in this place as a percentage of other kills in the entire game.
 E = Experience gained in this place as a percentage of experience gained in the entire game.
 F = Experience gained in this place divided by the number of levels of this place that you have seen.
                   A       B       C       D       E      F
               +-------+-------+-------+-------+-------+----------------------
         Total | 100.0 | 100.0 |   N/A |   N/A | 100.0 |  56.8
       Dungeon | 100.0 | 100.0 |   N/A |   N/A | 100.0 |  56.8
               +-------+-------+-------+-------+-------+----------------------
